 Dungeon Crawl Stone Soup version 0.32-a0-938-g40ac7a0f4d (webtiles) character file.

Game seed: 5742660196641756884

341 Autsider the Magician (level 6, -7/32 HPs)
             Began as a Deep Elf Hedge Wizard on Apr 15, 2024.
             Killed by an exploding blazeheart core (39 damage)
             ... on level 4 of the Dungeon.
             The game lasted 00:08:40 (3537 turns).

Autsider the Magician (Deep Elf Hedge Wizard)       Turns: 3537, Time: 00:08:41

Health: -7/32      AC:  3    Str:  7    XL:     6   Next: 30%
Magic:  14/15      EV: 12    Int: 21    God:
Gold:   144        SH:  0    Dex: 20    Spells: 3/14 levels left

rFire   . . .        a - staff of air {!a}
rCold   . . .        (no shield)
rNeg    . . .        b - +0 robe
rPois   .            c - +0 hat
rElec   +            m - +0 cloak
rCorr   .            (no gloves)
SInv    .            (no boots)
Will    .....        (no amulet)
Stlth   ++           l - +6 ring of dexterity
HPRegen 0.25/turn    (no ring)
MPRegen 0.14/turn

%: no passive effects
@: no status effects
A: no striking features
a: no special abilities


You were on level 4 of the Dungeon.
You visited 1 branch of the dungeon, and saw 4 of its levels.

You collected 144 gold pieces.

Inventory:

Armour
 b - a +0 robe (worn)
 c - a +0 hat (worn)
 m - a +0 cloak (worn)
Magical Staves
 a - a staff of air (weapon) {!a}
Jewellery
 l - a +6 ring of dexterity (left hand)
Scrolls
 e - a scroll of identify {unknown}
 f - a scroll of blinking {unknown}
 h - a scroll of enchant weapon
 i - a scroll of teleportation {@r2}
Potions
 d - a potion of magic
 g - 4 potions of curing {unknown}
 j - 3 potions of enlightenment {unknown}
 k - a potion of lignification {unknown}
 n - a potion of brilliance {unknown}


   Skills:
 - Level 2.4 Dodging
 - Level 2.4 Stealth
 + Level 4.6 Spellcasting
 - Level 4.0 Conjurations
 + Level 3.9 Summonings
 - Level 1.1 Translocations
 * Level 3.9 Fire Magic


You had 3 spell levels left.
You knew the following spells:

 Your Spells              Type           Power      Damage    Failure   Level
a - Call Canine Familiar  Summ           21%        N/A       7%          3
b - Summon Blazeheart Go  Fire/Summ      21%        N/A       22%         4
w - Mephitic Cloud        Conj/Alch/Air  15%        N/A       19%         3
x - Magic Dart            Conj           84%        1d7       2%          1

Your spell library contained the following spells:

 Spells                   Type           Power      Damage    Failure   Level
 Summon Small Mammal      Summ           84%        N/A       2%          1
 Call Imp                 Summ           42%        N/A       3%          2
 Kiss of Death            Conj/Necr      52%        2d9       4%          1
 Slow                     Hex            16%        N/A       11%         1
 Blink                    Tloc           18%        N/A       11%         2
 Cigotuvi's Dreadful Rot  Necr/Alch/Air  14%        N/A       17%         2
 Confusing Touch          Hex            4%         N/A       32%         3
 Dispel Undead            Necr           4%         3d7       73%         4


Dungeon Overview and Level Annotations

Branches:
Dungeon (4/15)
 Temple: D:4-7

Altars:
Elyvilon
Nemelex Xobeh

Shops:
D:3 (

Annotations:
D:3 exclusion: downstairs
D:4 Duvessa


Message History

a +0 robe; a +0 dagger; an orc skeleton
There is a stone staircase leading down here.
You climb downwards.
Level annotation: Duvessa
There is a stone staircase leading up here.
Found 5 javelins.
Found 9 gold pieces.
Casting: Call Canine Familiar (quite dangerous; 7% risk of failure)
Confirm with . or Enter, or press ? or * to list all spells.
A fiery spirit appears, bound in slag iron.
Your blazeheart golem's core grows cold and it stops moving.
Your blazeheart golem's core flares to life once more.
What are your orders? t - Shout!
Orders for allies: a - Attack new target. r - Retreat! s - Stop attacking. g - Guard the area. f - Follow me.
Anything else - Cancel.
You shout for attention!
You now have 144 gold pieces (gained 9).
The ribbon worm expels a string of sticky webbing.
The stream of webbing hits you but does no damage.
You are caught in a web!
There is a web here.
The web tears apart.
Your blazeheart golem punches the ribbon worm.
The ribbon worm misses you.
Your blazeheart golem punches the ribbon worm!
The ribbon worm barely misses you.
The ribbon worm expels a string of sticky webbing.
The stream of webbing hits you but does no damage.
You are caught in a web!
Your blazeheart golem punches the ribbon worm!!
The ribbon worm dies!
Your blazeheart golem falls apart, revealing its core!
The web tears apart.
Your blazeheart core explodes!
The fiery explosion engulfs you!!!
Ouch! That really hurt!
You die...

##......# #......#
#......# #......#
# #####..##...# #.
##.....## ##...
###.##### #.....##
##(. .......<#
##...### #
........# ##§@###
.......w######○☼○#
..........[...○☼##
........#.....##
########..##....
.###.... .. .. .
...# ...


There were no monsters in sight!

Vanquished Creatures
  Jessica (D:2)
  A gnoll (D:1)
  An adder (D:2)
  An ufetubus (D:3)
  3 dart slugs (D:2)
  A ribbon worm (D:2)
  An orc (D:3)
  4 ball pythons
  5 endoplasms
  2 giant cockroaches
  4 goblins
  4 hobgoblins
  2 jackals (D:1)
  2 quokkas
  10 bats
  A frilled lizard (D:1)
  7 kobolds
  9 rats
59 creatures vanquished.

Vanquished Creatures (collateral kills)
  A black bear (D:3)
  Dowan (D:4)
  Crazy Yiuf (D:2)
  A sleepcap (D:4)
  An orc wizard (D:3)
  An ufetubus (D:3)
  2 ribbon worms
  2 orcs (D:3)
  A hobgoblin (D:1)
  A kobold (D:3)
12 creatures vanquished.

Vanquished Creatures (others)
  A blazeheart core (D:4)
1 creature vanquished.

Grand Total: 72 creatures vanquished

Notes
Turn   | Place    | Note
-------+----------+-------------------------------------------
     0 | D:1      | Autsider the Deep Elf Hedge Wizard began the quest for the
                  | Orb.
     0 | D:1      | Reached XP level 1. HP: 10/10 MP: 7/7
   251 | D:1      | Reached XP level 2. HP: 8/15 MP: 5/9
   724 | D:1      | Reached XP level 3. HP: 15/19 MP: 5/10
   767 | D:1      | Learned a level 3 spell: Call Canine Familiar
  1283 | D:2      | Noticed Jessica
  1287 | D:2      | Killed Jessica
  1288 | D:2      | Reached XP level 4. HP: 19/24 MP: 4/12
  1600 | D:2      | Learned a level 4 spell: Summon Blazeheart Golem
  2115 | D:2      | Found a runed translucent door.
  2116 | D:2      | Noticed Crazy Yiuf
  2128 | D:2      | Killed Crazy Yiuf
  2129 | D:2      | Reached skill level 1 in Fire Magic
  2285 | D:3      | Noticed a black bear
  2292 | D:3      | Killed a black bear
  2293 | D:3      | Reached XP level 5. HP: 28/28 MP: 7/13
  2493 | D:3      | Found a sparkling altar of Nemelex Xobeh.
  2541 | D:3      | Found a white marble altar of Elyvilon.
  2699 | D:3      | Found Otutup's Antique Weapon Shoppe.
  2797 | D:3      | Reached XP level 6. HP: 22/32 MP: 2/14
  2997 | D:3      | Learned a level 3 spell: Mephitic Cloud
  3276 | D:3      | Found a faded altar of an unknown god.
  3392 | D:4      | Noticed Dowan
  3393 | D:4      | Noticed Duvessa
  3400 | D:4      | Killed Dowan
  3537 | D:4      | Killed by an exploding blazeheart core

Illustrated notes

Levels and vault maps discovered:
D:1:      erik_arrival_orb_chamber, layout_basic, nrook_mini_backslash
D:2:      layout_loops_ring, uniq_jessica, uniq_crazy_yiuf_cottage
D:3:      layout_basic, mainiacjoe_overflow_catch_the_wave, serial_shops, shop,
          dilly_ecumenical_altar_fadedgnrine
D:4:      layout_rooms, st_stairs_3, uniq_sigmund, uniq_duvessa

Skill      XL: |  1  2  3  4  5 |
---------------+----------------+-----
Conjurations   | 2 3 4 |  4.0
Summonings     | 2 3 |  3.9
Fire Magic     | 2 3 |  3.9
Dodging        | |  2.4
Stealth        | |  2.4
Spellcasting   | |  4.6
Translocations | |  1.1

Action                     |  1- 3 |  4- 6 || total
---------------------------+-------+-------++-------
   Cast: Magic Dart        |    73 |    68 ||   141
         Call Canine Famil |     5 |    12 ||    17
         Summon Blazeheart |       |     1 ||     1
    Use: Scroll            |       |     2 ||     2
 Armour: Robe              |    10 |     6 ||    16
  Dodge: Dodged            |     3 |    12 ||    15

Table legend: (Time is in decaauts)
 A = Elapsed time spent in this place.
 B = Non-inter-level travel time spent in this place.
 C = Inter-level travel time spent in this place.
 D = Time resting spent in this place.
 E = Time spent auto-exploring this place.
 F = Levels seen in this place.
 G = Mean time per level.
                   A        B        C        D        E       F      G
               +--------+--------+--------+--------+--------+-----+--------+
         Total |   3535 |   3359 |    176 |    674 |   2214 |   4 |  883.8 |
       Dungeon |   3535 |   3359 |    176 |    674 |   2214 |   4 |  883.8 |
               +--------+--------+--------+--------+--------+-----+--------+

Top non-repeatable levels by time:
     D:2: 1299 daAuts
     D:3: 1135 daAuts
     D:1: 980 daAuts
     D:4: 121 daAuts
